Map: Frozen Temple

Players

Miszu

  • Race: Terran Terran
  • League: Master

PsistmRapist - Winner!

  • Race: Zerg Zerg

VOD

Have the link to the VOD?

Description

Time

  • Played on: May 1, 2016, 4:44 p.m.
  • Length: 6:17
Show
View Real Time Build Order
Export as new Build Order

Miszu Terran 

Build Orders: Liberator Opening, Reaper Expand 

Get SALT Encoding   

  12  0:00  SCV  
  13  0:12  SCV  
  14  0:17  Supply Depot  
  14  0:24  SCV  
  15  0:38  SCV  
  15  0:41  Barracks  
  16  0:46  Refinery  
  16  0:50  SCV  
  17  1:02  SCV  
  18  1:15  SCV  
  19  1:29  Reaper  
  19  1:30  Orbital Command  
  20  1:38  Command Center  
  20  1:47  Supply Depot  
  20  1:55  SCV  
  20  2:01  Marine  
  22  2:07  SCV  
  23  2:11  Factory  
  23  2:12  Refinery  
  23  2:19  SCV  
  24  2:23  Barracks Reactor  
  24  2:31  SCV  
  25  2:43  SCV  
  26  2:52  Orbital Command  
  26  2:56  Starport, SCV  
  26  2:57  Factory Tech Lab  
  27  3:00  Marine x2  
  27  3:03  Bunker  
  29  3:08  SCV  
  30  3:18  Marine x2, SCV  
  33  3:20  SCV  
  33  3:25  Siege Tank  
  37  3:30  SCV  
  37  3:32  SCV  
  37  3:33  Supply Depot  
  39  3:36  Liberator  
  41  3:42  SCV  
  41  3:44  SCV  
  41  3:47  Marine x2  
  45  3:55  SCV  
  47  3:56  SCV  
  47  4:05  Command Center  
  47  4:07  SCV  
  48  4:10  SCV  
  49  4:17  Refinery  
  49  4:19  Refinery, SCV  
  49  4:22  Barracks, SCV  
  49  4:23  Barracks  
  52  4:31  SCV  
  52  4:35  SCV  
  53  4:43  Engineering Bay, SCV  
  53  4:44  Engineering Bay  
  54  4:54  Supply Depot x2  
  54  4:58  Liberator  
  54  5:09  Barracks  
  54  5:10  Barracks  
  54  5:14  Barracks Tech Lab x2  
  54  5:15  SCV  
  54  5:16  Supply Depot  
  58  5:21  SCV  
  58  5:25  Orbital Command  
  58  5:27  SCV  
  60  5:33  SCV  
  58  5:38  Factory Reactor  
  58  5:40  Marine x2, SCV  
  61  5:45  SCV  
  61  5:48  Supply Depot  
  61  5:49  Marine x2  
  64  5:57  Barracks Reactor x2  
  64  5:58  Marine x2, SCV x2  
Show
View Real Time Build Order
Export as new Build Order

PsistmRapist Zerg - Winner!

Build Orders: Hatch First 

Get SALT Encoding   

  12  0:01  Drone  
  13  0:14  Overlord  
  13  0:21  Drone  
  14  0:35  Drone x2  
  16  0:38  Drone  
  17  0:55  Hatchery  
  16  1:00  Drone  
  16  1:01  Drone  
  18  1:05  Extractor  
  17  1:11  Drone  
  18  1:22  Spawning Pool  
  17  1:31  Drone x2  
  19  1:47  Overlord  
  19  2:09  Zergling x4  
  19  2:10  Queen  
  19  2:11  Queen  
  19  2:13  Metabolic Boost  
  25  2:21  Drone x3  
  28  2:34  Drone x2  
  28  2:36  Drone  
  31  2:41  Spore Crawler  
  30  2:45  Drone  
  30  2:48  Overlord  
  30  2:50  Queen  
  34  2:58  Queen  
  36  3:16  Drone  
  36  3:17  Drone x4  
  41  3:20  Overlord  
  41  3:23  Overlord  
  41  3:39  Hatchery  
  40  3:43  Drone x4  
  44  3:52  Baneling Nest  
  44  3:54  Drone x3  
  44  3:55  Drone  
  47  4:03  Spore Crawler x2  
  47  4:05  Zergling x4  
  47  4:11  Zergling x6  
  47  4:13  Zergling x2  
  51  4:20  Zergling x2  
  52  4:25  Overlord x2  
  52  4:28  Overlord  
  52  4:43  Queen  
  54  4:48  Zergling x8  
  54  4:49  Zergling x4  
  54  4:52  Drone  
  61  4:53  Zergling x6  
  61  4:58  Zergling x6  
  67  5:01  Zergling x2  
  67  5:11  Drone x2  
  67  5:14  Drone x3  
  67  5:17  Spore Crawler  
  69  5:22  Zergling x2  
  65  5:31  Zergling x2  
  65  5:32  Zergling x18  
  71  5:37  Baneling x9  
  71  5:38  Baneling  
  71  5:40  Baneling x2  
  71  5:44  Baneling x3  
  71  5:46  Baneling x3  
  71  5:48  Zergling x2  
  72  5:52  Zergling x6  
Tags
 
Add a new tag
Caveats
  • Supply blocks, unpowered buildings, or Contaminate may cause inaccurate times.
  • Supply counts are checked every 10 seconds.